 Dungeon Crawl Stone Soup version 0.31.0-11-ge490571c62 (webtiles) character file.

Game seed: 6441497958168040897

618 qw the Skirmisher (level 7, -10/40 HPs)
             Began as a Deep Elf Hunter on Feb 3, 2024.
             Mangled by an ogre
             ... wielding a +0 giant club
              (28 damage)
             ... on level 4 of the Dungeon.
             The game lasted 00:00:14 (3306 turns).

qw the Skirmisher (Deep Elf Hunter)                 Turns: 3306, Time: 00:00:14

Health: -10/40     AC:  9    Str: 10    XL:     7   Next: 21%
Magic:  9/9        EV:  9    Int: 14    God:
Gold:   60         SH:  0    Dex: 18    Spells: 6/6 levels left

rFire   . . .        a - +2 shortbow
rCold   . . .        (shield currently unavailable)
rNeg    . . .        g - +0 scale mail
rPois   .            (no helmet)
rElec   .            (no cloak)
rCorr   .            m - +2 pair of gloves
SInv    .            (no boots)
Will    .....        (no amulet)
Stlth   +            (no ring)
HPRegen 0.26/turn    (no ring)
MPRegen 0.11/turn

%: no passive effects
@: no status effects
A: no striking features
a: no special abilities


You were on level 4 of the Dungeon.
You visited 1 branch of the dungeon, and saw 4 of its levels.
You also visited: Sewer.

You collected 132 gold pieces.
You spent 72 gold pieces at shops.


   Skills:
 - Level 2.0 Fighting
 + Level 10.7 Ranged Weapons
 - Level 2.0 Armour
 - Level 2.4 Dodging
 - Level 1.2 Stealth


You had 6 spell levels left.
You didn't know any spells.
Your spell library was empty.

Inventory:

Hand Weapons
 a - a +2 shortbow (weapon)
Armour
 g - a +0 scale mail (worn)
 m - a +2 pair of gloves (worn)
Jewellery
 k - an amulet of reflection
 l - a +4 ring of protection
Scrolls
 d - 3 scrolls of teleportation
 o - a scroll of fear {unknown}
Potions
 c - 2 potions of cancellation {unknown}
 e - 2 potions of haste
 f - 2 potions of degeneration {unknown}
 h - 2 potions of heal wounds
 i - a potion of mutation {unknown}
 j - 2 potions of brilliance {unknown}
 n - a potion of ambrosia {unknown}

Dungeon Overview and Level Annotations

Branches:
Dungeon (4/15)              Sewer (visited)
 Temple: D:4-7

Altars:
Elyvilon

Shops:
D:2 *   D:3 (

Annotations:
D:3 3 runed translucent doors, qw's ghost, amateur SpHu


Message History

You start putting on your armour.
You continue putting on your +0 pair of gloves. x4
You finish putting on your +0 pair of gloves.
3270 ||| UPGRADING to +2 pair of gloves.
You start removing your armour.
You continue taking off your +0 pair of gloves. x4
You finish taking off your +0 pair of gloves.
You start putting on your armour.
You continue putting on your +2 pair of gloves. x5
You finish putting on your +2 pair of gloves.
3280 ||| DROPPING +0 pair of gloves.
You drop a +0 pair of gloves.
Found a stone staircase leading down.
A kobold comes into view. It is wielding a +0 dagger.
The kobold shouts!
You shoot an arrow. The arrow hits the kobold.
You kill the kobold!
Found a stone staircase leading up.
Enter note:
Enter note:
Enter note:
Enter note:
Enter note: An ogre comes into view. It is wielding a +0 giant club.
The ogre shouts!
You shoot an arrow. The arrow barely misses the ogre.
You shoot an arrow. The arrow hits the ogre!
The ogre is moderately wounded.
You shoot an arrow. The arrow hits the ogre.
The ogre is heavily wounded.
You shoot an arrow. The arrow barely misses the ogre.
The ogre hits you with a +0 giant club!!
Ouch! That really hurt!
You shoot an arrow. The arrow hits the ogre.
The ogre is severely wounded.
The ogre closely misses you.
You shoot an arrow. The arrow hits the ogre.
The ogre is severely wounded.
The ogre hits you with a +0 giant club!!
Ouch! That really hurt!
You die...

### #....# ##### #
#....# ###...## ###
#....# #......###..
#.... #.#..#..#.[#
#.... #...###...##
#...#####.#..#..#..#
#...##.#.......##...
#..@..............'.
#..O......>.........
#..######....#.....#
#.. #...###...## #..
+.....#....)# #..
#.......#.... #..
........ #.. .#..<#.


You could see an ogre.

Vanquished Creatures
  Pargi (Sewer)
  2 ogres (D:4)
  A brain worm (Sewer)
  A howler monkey (D:4)
  A bombardier beetle (D:4)
  Jessica (D:2)
  4 gnolls
  6 adders
  A river rat (D:3)
  A white imp (D:4)
  2 dart slugs (D:1)
  An orc (D:4)
  9 ball pythons
  6 endoplasms
  6 giant cockroaches
  7 goblins
  5 hobgoblins
  4 jackals (D:2)
  3 quokkas
  8 bats
  10 frilled lizards
  7 kobolds
  10 rats
97 creatures vanquished.

Notes
Turn   | Place    | Note
-------+----------+-------------------------------------------
     0 | D:1      | qw the Deep Elf Hunter began the quest for the Orb.
     0 | D:1      | Reached XP level 1. HP: 12/12 MP: 3/3
     0 | D:1      | 0 ||| qw: Version: 0.3-a-158-g18b3111
     0 | D:1      | 0 ||| qw: Game counter: 4057
     0 | D:1      | 0 ||| qw: Melee chars always use a shield: true
     0 | D:1      | 0 ||| qw: God list: Okawaru
     0 | D:1      | 0 ||| qw: Allow faded altars: false
     0 | D:1      | 0 ||| qw: Do Orc after clearing Dungeon:15 true
     0 | D:1      | 0 ||| qw: Do second Lair branch before Depths: true
     0 | D:1      | 0 ||| qw: Lair rune preference: random
     0 | D:1      | 0 ||| qw: Goals: Normal
     0 | D:1      | 0 ||| PLANNING D:1-11
    67 | D:1      | Reached skill level 6 in Ranged Weapons
    67 | D:1      | Reached XP level 2. HP: 16/16 MP: 4/4
   359 | D:1      | Reached XP level 3. HP: 20/20 MP: 5/5
   381 | D:1      | 381 ||| UPGRADING to +0 scale mail.
   391 | D:1      | 391 ||| DROPPING +0 leather armour.
   392 | D:1      | 392 ||| READING 2 scrolls labelled KOADECWIUMN.
   392 | D:1      | 392 ||| IDENTIFYING fuming white potion
   393 | D:1      | 393 ||| READING scroll of identify.
   393 | D:1      | 393 ||| IDENTIFYING fizzy yellow potion
   394 | D:1      | 394 ||| READING scroll labelled BIOTUOPLIL.
   395 | D:1      | 395 ||| DROPPING scroll of butterflies.
   396 | D:1      | 396 ||| DROPPING potion of attraction.
   857 | D:2      | Reached skill level 7 in Ranged Weapons
  1128 | D:2      | Noticed Jessica
  1132 | D:2      | Killed Jessica
  1133 | D:2      | Reached XP level 4. HP: 11/25 MP: 6/6
  1305 | D:2      | Found Vizogh's General Store.
  1313 | D:2      | 1313 ||| BUYING scroll of teleportation (36 gold).
  1313 | D:2      | Bought a scroll of teleportation for 36 gold pieces
  1313 | D:2      | 1313 ||| BUYING scroll of teleportation (36 gold).
  1313 | D:2      | Bought a scroll of teleportation for 36 gold pieces
  1313 | D:2      | 1313 ||| SHOPLISTING scroll of teleportation (36 gold, have
                  | 13).
  1313 | D:2      | 1313 ||| SHOPLISTING wand of charming (13) (374 gold, have
                  | 13).
  1464 | D:2      | Found a faded altar of an unknown god.
  1779 | D:2      | 1779 ||| UPGRADING to +0 pair of gloves.
  1784 | D:2      | 1784 ||| READING scroll of identify.
  1784 | D:2      | 1784 ||| IDENTIFYING metallic yellow potion
  1785 | D:2      | 1785 ||| READING 2 scrolls labelled EXIP LOMORE.
  1785 | D:2      | 1785 ||| ENCHANTING +0 shortbow.
  1786 | D:2      | 1786 ||| READING scroll of enchant weapon.
  1786 | D:2      | 1786 ||| ENCHANTING +1 shortbow.
  1815 | D:3      | 1815 ||| PLANNING SEWER
  1882 | D:3      | Found a white marble altar of Elyvilon.
  1895 | D:3      | Reached skill level 8 in Ranged Weapons
  2002 | D:3      | Found Kimetif's Weapon Shoppe.
  2012 | D:3      | 2012 ||| SHOPLISTING +0 orcbow (42 gold, have 19).
  2081 | D:3      | Found a runed translucent gate.
  2082 | D:3      | Found a runed translucent gate.
  2082 | D:3      | Noticed qw's ghost (amateur SpHu)
  2083 | D:3      | Found a runed translucent gate.
  2382 | D:3      | Reached XP level 5. HP: 29/29 MP: 7/7
  2419 | D:3      | 2419 ||| FLEEEEING.
  2420 | D:3      | 2420 ||| FLEEEEING.
  2421 | D:3      | 2421 ||| FLEEEEING.
  2422 | D:3      | 2422 ||| FLEEEEING.
  2423 | D:3      | 2423 ||| FLEEEEING.
  2424 | D:3      | 2424 ||| FLEEEEING.
  2425 | D:3      | 2425 ||| FLEEEEING.
  2426 | D:3      | 2426 ||| FLEEEEING.
  2427 | D:3      | 2427 ||| FLEEEEING.
  2428 | D:3      | 2428 ||| FLEEEEING.
  2429 | D:3      | 2429 ||| FLEEEEING.
  2430 | D:3      | 2430 ||| FLEEEEING.
  2431 | D:3      | 2431 ||| FLEEEEING.
  2432 | D:3      | 2432 ||| FLEEEEING.
  2433 | D:3      | 2433 ||| FLEEEEING.
  2434 | D:3      | 2434 ||| FLEEEEING.
  2435 | D:3      | 2435 ||| FLEEEEING.
  2436 | D:3      | 2436 ||| FLEEEEING.
  2437 | D:3      | 2437 ||| FLEEEEING.
  2438 | D:3      | 2438 ||| FLEEEEING.
  2469 | D:3      | Found a glowing drain.
  2475 | Sewer    | Entered a sewer
  2484 | Sewer    | Reached skill level 9 in Ranged Weapons
  2496 | Sewer    | Noticed Pargi
  2497 | Sewer    | 2497 ||| DRINKING potion of haste.
  2512 | Sewer    | Killed Pargi
  2513 | Sewer    | Reached XP level 6. HP: 25/34 MP: 8/8
  2637 | Sewer    | 2637 ||| DRINKING 2 yellow potions.
  2638 | Sewer    | 2638 ||| DROPPING potion of invisibility.
  2646 | D:3      | 2646 ||| PLANNING D:1-11
  2953 | D:4      | Identified the +10 short sword of Ummap {freeze, Dex+2
                  | SInv}
  2989 | D:4      | Reached skill level 10 in Ranged Weapons
  3023 | D:4      | Reached XP level 7. HP: 35/40 MP: 9/9
  3258 | D:4      | 3258 ||| UPGRADING to +2 pair of gloves.
  3265 | D:4      | 3265 ||| UPGRADING to +0 pair of gloves.
  3270 | D:4      | 3270 ||| UPGRADING to +2 pair of gloves.
  3280 | D:4      | 3280 ||| DROPPING +0 pair of gloves.
  3306 | D:4      | Mangled by an ogre

Levels and vault maps discovered:
D:1:      mrwooster_arrival_arrow, layout_loops_cross, kennysheep_pointless_box,
          hangedman_glass_teeth
D:2:      layout_basic, serial_shops, shop, chequers_ecumenical_altar_grove,
          serial_park_tiny_2, minmay_pentomino_o2, uniq_jessica
D:3:      layout_loops_cross, old_standard_altar, serial_shops,
          nicolae_square_shop, gammafunk_ghost_necromancy,
          gup_sewer_entry_bubbles, amcnicky_mini_rare_corridor_liquid
D:4:      layout_gridville, serial_shops, nicolae_shop_behind_doors,
          minmay_strange_pillars

Skill      XL: |  1  2  3  4  5  6 |
---------------+-------------------+-----
Ranged Weapons | 6 7 8 9 10 | 10.7
Armour         | 2 |  2.0
Fighting       | 2 |  2.0
Dodging        | |  2.4
Stealth        | |  1.2

Action                     |  1- 3 |  4- 6 |  7- 9 || total
---------------------------+-------+-------+-------++-------
   Fire: Shortbow          |   131 |   151 |    24 ||   306
    Use: Scroll            |     3 |     3 |       ||     6
         Potion            |       |     2 |       ||     2
 Armour: Leather armour    |     5 |       |       ||     5
         Scale mail        |    46 |    64 |     5 ||   115
  Dodge: Dodged            |    36 |    36 |     3 ||    75

Table legend:
 A = Non-vault XP
 B = Vault XP
 C = Vault XP percentage of total XP
 D = Non-vault monster count
 E = Vault monster count
 F = Vault count percentage of total count
                 A         B        C        D         E       F
            +---------+---------+-------+---------+---------+-------
      Total |     568 |     315 |  35.7 |      80 |      17 |  17.5
            +---------+---------+-------+---------+---------+-------
        D:1 |      51 |       0 |   0.0 |      22 |       0 |   0.0
        D:2 |      42 |      39 |  48.1 |      19 |       2 |   9.5
        D:3 |      52 |      45 |  46.4 |      19 |       6 |  24.0
        D:4 |     423 |       0 |   0.0 |      20 |       0 |   0.0
      Sewer |       0 |     231 | 100.0 |       0 |       9 | 100.0
            +---------+---------+-------+---------+---------+-------
